 Dungeon Crawl Stone Soup version 0.29-a0-383-g8b6f518c11 (webtiles) character file.

Game seed: 3370280838673347623

8 Bruhh the Ruffian (level 2, -3/25 HPs)
             Began as a Naga Transmuter on May 6, 2022.
             Slain by a gnoll
             ... wielding a +0 vorpal spear
              (4 damage)
             ... on level 1 of the Dungeon.
             The game lasted 00:01:03 (684 turns).

Bruhh the Ruffian (Naga Transmuter)                  Turns: 684, Time: 00:01:04

Health: -3/25      AC:  1    Str: 12    XL:     2   Next: 8%
Magic:  4/5        EV:  9    Int: 13    God:
Gold:   9          SH:  0    Dex: 11    Spells: 4/5 levels left

rFire   . . .      SeeInvis +     - Unarmed
rCold   . . .      Faith    .   (no shield)
rNeg    . . .      Spirit   .   a - +0 robe
rPois   +          Reflect  .   (helmet currently unavailable)
rElec   .          Harm     .   (no cloak)
rCorr   .          Rampage  .   (no gloves)
Will    .....                   (no barding)
Stlth   +.........              (no amulet)
HPRegen 0.08/turn               (no ring)
MPRegen 0.09/turn               (no ring)

@: appendages, very slow
A: horns 2, AC +0, large, see invisible, deformed body, poison resistance,
slowness 2, spit poison 1, naga tail 1
a: Spit Poison, End Transformation


You were on level 1 of the Dungeon.
You had temporarily grown beastly horns.
You visited 1 branch of the dungeon, and saw 1 of its levels.

You collected 9 gold pieces.

Inventory:

Armour
 a - a +0 robe (worn)
Scrolls
 b - 2 scrolls of amnesia {unknown}
 c - a scroll of teleportation {unknown}
 d - a scroll of torment {unknown}
 e - a scroll of identify {unknown}


   Skills:
 - Level 1.0 Fighting
 - Level 1.5 Dodging
 - Level 3.0 Unarmed Combat
 + Level 2.3 Spellcasting
 + Level 2.4 Transmutations


You had 4 spell levels left.
You knew the following spells:

 Your Spells              Type           Power      Damage    Failure   Level
a - Beastly Appendage     Tmut           14%        N/A       10%         1

Your spell library contained the following spells:

 Spells                   Type           Power      Damage    Failure   Level
 Wereblood                Tmut           7%         N/A       14%         2
 Spider Form              Tmut/Pois      4%         N/A       41%         3
 Ice Form                 Ice/Tmut       4%         N/A       83%         4


Dungeon Overview and Level Annotations

Branches:
Dungeon (1/15)

Altars:


Innate Abilities, Weirdness & Mutations

You have temporarily grown beastly horns.
Your serpentine skin is tough. (AC +0)
You have supernaturally acute eyesight. (SInv)
Armour fits poorly on your strangely shaped body.
Your system is resistant to poisons. (rPois)
You cover ground very slowly.
You can spit poison.
You have a snake-like lower body.


Message History

The ball python hisses angrily.
A ball python is nearby!
A ball python is nearby!
A ball python is nearby!
A ball python is nearby!
You miscast Beastly Appendage.
You are very lightly contaminated with residual magic.
Nothing appears to happen.
You hit the ball python.
You kill the ball python!
No target in view!
No target in view!
No target in view!
Your magical contamination has completely faded away.
A gnoll comes into view. It is wielding a +0 vorpal spear.
The gnoll shouts!
The gnoll completely misses you.
A gnoll is nearby!
A gnoll is nearby!
A gnoll is nearby!
The gnoll closely misses you.
You grow a pair of large bovine horns.
The gnoll hits you with a +0 vorpal spear.
You hit the gnoll but do no damage. You headbutt the gnoll.
The gnoll is moderately wounded.
The gnoll hits you with a +0 vorpal spear.
You are too injured to fight recklessly!
You are too injured to fight recklessly!
You are too injured to fight recklessly!
You closely miss the gnoll. You headbutt the gnoll.
The gnoll is moderately wounded.
The gnoll closely misses you.
You hit the gnoll.
The gnoll is heavily wounded.
The gnoll hits you with a +0 vorpal spear!
* * * LOW HITPOINT WARNING * * *
x2 You hit the gnoll but do no damage.
The gnoll is heavily wounded.
The gnoll hits you with a +0 vorpal spear.
You die...

## ### #.######.#
#####.#......####
................#
.####..####.##.#####
#....####.........
#.#..........#####
#.#..........#.###
#@#...............
......g.#............###
........................
..##.#..#..#..#..#.#.###
#.#..#........#.#.# #
#..# .#..#..###.# #...
.. #... #. .### ....


You could see a gnoll.

Vanquished Creatures
  A bat (D:1)
  2 hobgoblins (D:1)
  A kobold (D:1)
  A quokka (D:1)
  A ball python (D:1)
  A rat (D:1)
7 creatures vanquished.

Notes
Turn   | Place    | Note
-------+----------+-------------------------------------------
     0 | D:1      | Bruhh the Naga Transmuter began the quest for the Orb.
     0 | D:1      | Reached XP level 1. HP: 18/18 MP: 3/3
   645 | D:1      | Reached XP level 2. HP: 24/25 MP: 5/5
   683 | D:1      | HP: 1/25 [gnoll/+0 vorpal spear (2)]
   684 | D:1      | Slain by a gnoll

Illustrated notes

Levels and vault maps discovered:
D:1:      minmay_arrival_plants_in_alcoves, layout_basic,
          shapermc_ecumenical_altar_pompeii, minmay_tall_x

Action                   || total
-------------------------++-------
Melee: Unarmed           ||    23
       Headbutt          ||     3
 Cast: Beastly Appendage ||     2
  Use: Potion            ||     2
Armor: Robe              ||     3
       Skin              ||     2
Dodge: Dodged            ||     9

Table legend: (Time is in decaauts)
 A = Elapsed time spent in this place.
 B = Non-inter-level travel time spent in this place.
 C = Inter-level travel time spent in this place.
 D = Time resting spent in this place.
 E = Time spent auto-exploring this place.
 F = Levels seen in this place.
 G = Mean time per level.
                   A        B        C        D        E       F      G
               +--------+--------+--------+--------+--------+-----+--------+
         Total |    754 |    754 |      0 |      0 |    690 |   1 |  754.0 |
       Dungeon |    754 |    754 |      0 |      0 |    690 |   1 |  754.0 |
               +--------+--------+--------+--------+--------+-----+--------+

Top non-repeatable levels by time:
     D:1: 754 daAuts
